[Event "Titled Tuesday Blitz May 30 Early 2023"]
[White "egorchess95"]
[Black "Narayanan, Srinath"]
[BlackFideId "5018420"]
[WhiteElo "2706"]
[BlackElo "2438"]
[Result "0-1"]
[Round "05"]
[TimeControl "180+2"]
[Date "2023.05.30"]
[WhiteClock "0:00:13"]
[BlackClock "0:00:18"]

1. e4 c5 2. Nf3 d6 3. d4 cxd4 4. Qxd4 Nf6 5. Nc3 Nc6 6. Bb5 Bd7 7. Bxc6 Bxc6 8. Bg5 e6 9. O-O-O Be7 10. Qd3 Qa5 11. Kb1 O-O 12. h4 h6 13. Bc1 Ng4 14. Qe2 Bf6 15. Nd4 Qb6 16. Nb3 Nxf2 17. Be3 Nxd1 18. Bxb6 Nxc3+ 19. bxc3 axb6 20. Qe3 Ra3 21. g4 Be5 22. Kb2 Rfa8 23. Ra1 R8a6 24. g5 h5 25. Qe2 g6 26. Nd4 R6a4 27. Rf1 Rxa2+ 28. Kc1 Be8 29. Qf2 Rc4 30. Kd2 Bxd4 31. Qe2 Rxc3 32. Rc1 Raa3 33. Rb1 Rf3 34. Rf1 Bc3+ 0-1


[Site "https://www.chess.com"]

[Event "Titled Tuesday Blitz May 30 Early 2023"]
[White "Terry, Renato"]
[Black "Kucuksari, Kaan"]
[WhiteFideId "3803457"]
[BlackFideId "6380166"]
[WhiteElo "2575"]
[BlackElo "2364"]
[Result "1-0"]
[Round "05"]
[TimeControl "180+2"]
[Date "2023.05.30"]
[WhiteClock "0:01:01"]
[BlackClock "0:00:00"]

1. e4 c6 2. Nf3 d5 3. exd5 cxd5 4. Ne5 Nc6 5. d4 Nf6 6. c3 g6 7. Bb5 Bd7 8. Nxd7 Qxd7 9. O-O Bg7 10. Nd2 O-O 11. Re1 a6 12. Bd3 e6 13. Nf3 b5 14. a3 Qb7 15. h3 a5 16. b4 axb4 17. Rb1 bxa3 18. Rxb5 Qc7 19. Qb3 a2 20. Bb2 Ra7 21. Ra1 Rfa8 22. Nd2 Ne8 23. Qc2 Nd6 24. Rb3 e5 25. dxe5 Nxe5 26. Be2 Nec4 27. Bc1 h5 28. Bf3 Ra5 29. Rb4 R8a7 30. Nb3 R5a6 31. Bxd5 Nb6 32. Rxb6 Qxb6 33. Be3 Qc7 34. Bxa7 Rxa7 35. Rxa2 Rxa2 36. Qxa2 Bxc3 37. Nc1 Kg7 38. Nd3 Bf6 39. Qa3 Qe7 40. Kf1 Qc7 41. g3 Nb5 42. Qa4 Nc3 43. Qb3 Qd7 44. Nf4 Qf5 45. Bxf7 Qb5+ 46. Qxb5 Nxb5 47. Bxg6 h4 48. Bd3 Be7 49. Bxb5 1-0


[Site "https://www.chess.com"]

[Event "Titled Tuesday Blitz May 30 Early 2023"]
[White "Domingo Nunez, Ruben"]
[Black "Kuzubov, Yuriy"]
[WhiteFideId "22245570"]
[BlackFideId "14112906"]
[WhiteElo "2404"]
[BlackElo "2496"]
[Result "0-1"]
[Round "05"]
[TimeControl "180+2"]
[Date "2023.05.30"]
[WhiteClock "0:00:24"]
[BlackClock "0:00:17"]

1. c4 e5 2. Nc3 Nf6 3. Nf3 Nc6 4. e4 h6 5. a3 a5 6. d4 exd4 7. Nxd4 Bc5 8. Nb3 Ba7 9. c5 O-O 10. Bd3 d6 11. cxd6 a4 12. dxc7 Qxc7 13. Nb5 Bxf2+ 14. Kxf2 Qe5 15. Nd2 Rd8 16. Nf3 Qc5+ 17. Ke2 Ng4 18. Qc2 Qf2+ 19. Kd1 Rxd3+ 20. Qxd3 Be6 21. Bd2 Rd8 22. Qe2 Bb3+ 23. Kc1 Qxe2 0-1


[Site "https://www.chess.com"]

[Event "Titled Tuesday Blitz May 30 Early 2023"]
[White "Ibarra Jerez, Jose Carlos"]
[Black "Martinez Ramirez, Lennis"]
[WhiteFideId "2226332"]
[BlackFideId "3509079"]
[WhiteElo "2638"]
[BlackElo "2410"]
[Result "1-0"]
[Round "05"]
[TimeControl "180+2"]
[Date "2023.05.30"]
[WhiteClock "0:00:40"]
[BlackClock "0:00:17"]

1. e4 e5 2. Nf3 Nf6 3. Nc3 Bb4 4. Nxe5 O-O 5. Be2 Re8 6. Nd3 Bxc3 7. dxc3 Nxe4 8. Nf4 d6 9. O-O Nd7 10. c4 Ndf6 11. f3 Nc5 12. b3 h6 13. Bb2 Bf5 14. Rf2 Ne6 15. Nd5 Nxd5 16. cxd5 Nf4 17. Bf1 Qg5 18. Kh1 h5 19. Qd2 f6 20. Bc1 Ng6 21. Qxg5 fxg5 22. Bxg5 Re5 23. h4 a5 24. a4 Rae8 25. Bb5 Re1+ 26. Rxe1 Rxe1+ 27. Kh2 Ne7 28. Bd2 Rd1 29. Bxa5 b6 30. Bd2 Nxd5 31. Bc4 Be6 32. a5 bxa5 33. Bxa5 c6 34. Rd2 Rc1 35. Bd8 Kf7 36. Bg5 Ke8 37. Re2 Re1 38. Rxe1 1-0


[Site "https://www.chess.com"]

[Event "Titled Tuesday Blitz May 30 Early 2023"]
[White "Kozak, Adam"]
[Black "Mendez Fortes, Eduardo Jesus"]
[WhiteFideId "753246"]
[BlackFideId "3502376"]
[WhiteElo "2469"]
[BlackElo "2307"]
[Result "1-0"]
[Round "05"]
[TimeControl "180+2"]
[Date "2023.05.30"]
[WhiteClock "0:00:39"]
[BlackClock "0:00:02"]

1. e4 e5 2. a3 Nf6 3. Nc3 Bc5 4. Nf3 d6 5. Bc4 O-O 6. d3 h6 7. Na4 Bb6 8. h3 c6 9. Nxb6 axb6 10. O-O d5 11. exd5 cxd5 12. Bb5 Qd6 13. Re1 Bd7 14. Bxd7 Nbxd7 15. Nxe5 Nxe5 16. Bf4 Nfd7 17. d4 f6 18. dxe5 fxe5 19. Bg3 Rae8 20. Qd2 Nf6 21. Rad1 Re6 22. Bh4 g5 23. Bg3 Rd8 24. Qc3 Rde8 25. Qd3 Kg7 26. Qf5 Qe7 27. h4 Ne4 28. hxg5 Nxg3 29. gxh6+ Rxh6 30. fxg3 Re6 31. Rxd5 Rf8 32. Qe4 Qg5 33. Qe3 Qg4 34. Rxe5 Ref6 35. Rg5+ 1-0


[Site "https://www.chess.com"]

[Event "Titled Tuesday Blitz May 30 Early 2023"]
[White "Sahib Singh"]
[Black "Galchenko, Matvey"]
[WhiteFideId "25618342"]
[BlackFideId "24175480"]
[WhiteElo "1934"]
[BlackElo "2423"]
[Result "1/2-1/2"]
[Round "05"]
[TimeControl "180+2"]
[Date "2023.05.30"]
[WhiteClock "0:00:05"]
[BlackClock "0:00:06"]

1. e4 e6 2. d4 d5 3. Nd2 a6 4. Ngf3 Nf6 5. e5 Nfd7 6. c4 c5 7. cxd5 exd5 8. Bd3 Nc6 9. O-O cxd4 10. Re1 Nc5 11. Bb1 Bg4 12. h3 Bxf3 13. Nxf3 Ne6 14. a3 a5 15. Bf5 Bc5 16. b3 O-O 17. Bxe6 fxe6 18. Ng5 Qe7 19. Qc2 d3 20. Qxd3 Bxf2+ 21. Kh1 Rf5 22. Rf1 Nxe5 23. Qc2 Bd4 24. Rxf5 exf5 25. Rb1 h6 26. Qd1 Nc6 27. Nf3 Qe4 28. Bb2 Be3 29. Qe1 d4 30. Rd1 Re8 31. Qf1 Kh7 32. Qc4 Qf4 33. Re1 Qg3 34. Re2 Ne5 35. Nxe5 Rxe5 36. Qd3 Qf4 37. Re1 Qf2 38. Rf1 Qxb2 39. Rxf5 Qc1+ 40. Rf1+ g6 41. Rxc1 Bxc1 42. Qxd4 Re1+ 43. Kh2 Re7 44. Qc5 Bg5 45. g3 Re2+ 46. Kh1 Re1+ 47. Kg2 Re7 48. h4 Bf6 49. Qd6 Kg7 50. Qb6 Re2+ 51. Kf3 Re7 52. Qxa5 Rf7 53. Qb5 Be7+ 54. Kg2 Bxa3 55. Qe5+ Kh7 56. h5 gxh5 57. Qxh5 Kg7 58. Qg4+ Kh7 59. Qa4 Bb2 60. Qe4+ Kg7 61. b4 Bf6 62. Qg4+ Kh7 63. Qf5+ Kg7 64. Qe6 Bg5 65. Kh3 Re7 66. Qd6 Bf6 67. Kg4 Re5 68. Qc7+ Re7 69. Qc4 Re5 70. Qf4 Rg5+ 71. Kh3 Re5 72. Qg4+ Kf7 73. Qd7+ Re7 74. Qd5+ Kg7 75. Kg4 Kg6 76. Qf5+ Kg7 77. Qf3 Kg6 78. Qd5 Kg7 79. Kf4 Kg6 80. Qf5+ Kg7 81. Qd5 Kg6 82. Qg8+ Bg7 83. Kg4 Re5 84. Qc8 Re7 85. Kf3 Kf7 86. Qc4+ Kf8 87. g4 Bf6 88. Kf4 Kg7 89. Qc5 Rf7 90. Kg3 Bg5 91. Qd4+ Kh7 92. Qe4+ Kg7 93. Qe5+ Kg8 94. Qe8+ Kg7 95. Qe5+ Kg8 96. Qb8+ Kg7 97. Qe5+ 1/2-1/2


[Site "https://www.chess.com"]

[Event "Titled Tuesday Blitz May 30 Early 2023"]
[White "Veiga, Jose Francisco R P Neves"]
[Black "Fridman, Daniel"]
[WhiteFideId "1930087"]
[BlackFideId "11600454"]
[WhiteElo "2320"]
[BlackElo "2525"]
[Result "1-0"]
[Round "05"]
[TimeControl "180+2"]
[Date "2023.05.30"]
[WhiteClock "0:00:05"]
[BlackClock "0:00:00"]

1. d4 d5 2. Nf3 Nf6 3. Bf4 c5 4. e3 Nc6 5. Nbd2 Qb6 6. dxc5 Qxb2 7. Rb1 Qc3 8. Bb5 e6 9. O-O Be7 10. e4 O-O 11. e5 Nd7 12. Rb3 Qa5 13. c4 Nxc5 14. Re3 a6 15. Bxc6 bxc6 16. Nb3 Qxa2 17. Nbd4 Bd7 18. Nd2 Rab8 19. Rg3 g6 20. Qg4 Rb2 21. N4f3 Ne4 22. Nxe4 dxe4 23. Bg5 Bc5 24. Qxe4 Rxf2 25. Be3 Qe2 26. Nd2 f5 27. Rxf2 Qe1+ 28. Rf1 Qxd2 29. Qf4 Bxe3+ 30. Rxe3 c5 31. h4 Bc6 32. Qg3 Qd4 33. Rf4 Qa1+ 34. Kh2 Rb8 35. h5 Rb1 36. Qg5 Rh1+ 37. Kg3 Rxh5 38. Qd8+ Kf7 39. Qf6+ Kg8 40. Qd8+ Kg7 41. Qf6+ Kh6 42. Rh4 1-0


[Site "https://www.chess.com"]

[Event "Titled Tuesday Blitz May 30 Early 2023"]
[White "Nguyen, Ngoc Truong Son"]
[Black "Rendle, Thomas E"]
[WhiteFideId "12401110"]
[BlackFideId "408760"]
[WhiteElo "2556"]
[BlackElo "2428"]
[Result "1-0"]
[Round "05"]
[TimeControl "180+2"]
[Date "2023.05.30"]
[WhiteClock "0:01:20"]
[BlackClock "0:00:08"]

1. d4 d5 2. c4 e6 3. Nf3 Nf6 4. Nc3 Be7 5. g3 O-O 6. Bg2 c6 7. b3 Ne4 8. Bd2 f5 9. O-O Nd7 10. Qc2 Bd6 11. a4 Qf6 12. a5 h6 13. a6 g5 14. e3 bxa6 15. Ne1 Bb7 16. Nd3 c5 17. cxd5 exd5 18. dxc5 Ndxc5 19. Nxc5 Nxc5 20. Nxd5 Qf7 21. Qc4 Ne4 22. Nf6+ Kg7 23. Nxe4 fxe4 24. Bc3+ Kg6 25. Bxe4+ Bxe4 26. Qxe4+ Qf5 27. Qxf5+ Rxf5 28. Rxa6 1-0


[Site "https://www.chess.com"]

[Event "Titled Tuesday Blitz May 30 Early 2023"]
[White "Ehlvest, Jaan"]
[Black "Zemlyanskii, Ivan"]
[WhiteFideId "4500016"]
[BlackFideId "24249971"]
[WhiteElo "2442"]
[BlackElo "2421"]
[Result "1-0"]
[Round "05"]
[TimeControl "180+2"]
[Date "2023.05.30"]
[WhiteClock "0:01:00"]
[BlackClock "0:00:00"]

1. e4 c5 2. Nf3 e6 3. g3 Nc6 4. Bg2 Nf6 5. d3 d5 6. Qe2 Be7 7. e5 Nd7 8. c4 a6 9. O-O O-O 10. Rd1 d4 11. h4 b5 12. b3 Bb7 13. Bf4 Ra7 14. Nbd2 Qa8 15. Ne4 Nd8 16. Nh2 f5 17. exf6 gxf6 18. Bh3 bxc4 19. bxc4 Bxe4 20. dxe4 Ne5 21. Bxe5 fxe5 22. Nf3 Bf6 23. Ne1 Rg7 24. Kh2 Qc6 25. Nd3 Qd6 26. Rab1 Qc7 27. Rb3 Re8 28. Rdb1 Nf7 29. Rb7 1-0


[Site "https://www.chess.com"]

[Event "Titled Tuesday Blitz May 30 Early 2023"]
[White "Williams, Simon K"]
[Black "Dragnev, Valentin"]
[WhiteFideId "404454"]
[BlackFideId "1634852"]
[WhiteElo "2468"]
[BlackElo "2487"]
[Result "0-1"]
[Round "05"]
[TimeControl "180+2"]
[Date "2023.05.30"]
[WhiteClock "0:00:00"]
[BlackClock "0:00:30"]

1. d4 Nf6 2. c4 c5 3. d5 b5 4. cxb5 a6 5. Nc3 axb5 6. e4 b4 7. Nb5 d6 8. Bc4 g6 9. e5 dxe5 10. d6 exd6 11. Bg5 Nbd7 12. Nxd6+ Bxd6 13. Qxd6 Bb7 14. Nf3 Ne4 15. Qd3 Nxg5 16. Nxg5 Qxg5 17. Bxf7+ Kxf7 18. Qxd7+ Qe7 19. Qd3 Rhd8 20. Qe3 Ba6 21. h4 Kg8 22. h5 g5 23. h6 Rd3 24. Qe4 Rad8 25. Rh5 R3d6 26. Qf5 Rg6 27. a3 b3 28. Rc1 Bd3 29. Qf3 c4 0-1


[Site "https://www.chess.com"]

[Event "Titled Tuesday Blitz May 30 Early 2023"]
[White "Hayrapetyan, Hovik"]
[Black "Korchmar, Vasiliy"]
[WhiteFideId "13302639"]
[BlackFideId "24131750"]
[WhiteElo "2348"]
[BlackElo "2370"]
[Result "0-1"]
[Round "05"]
[TimeControl "180+2"]
[Date "2023.05.30"]
[WhiteClock "0:00:10"]
[BlackClock "0:00:11"]

1. d4 d5 2. c4 c6 3. Nf3 Nf6 4. Nc3 e6 5. e3 Nbd7 6. Bd3 dxc4 7. Bxc4 b5 8. Bd3 b4 9. Ne4 Nxe4 10. Bxe4 Bb7 11. Nd2 Be7 12. O-O O-O 13. b3 Nf6 14. Bf3 Nd5 15. Bb2 c5 16. Qe2 cxd4 17. Bxd4 a5 18. Nc4 Bf6 19. Qb2 Bxd4 20. Qxd4 Qe7 21. a4 Rfd8 22. Qb2 Nc3 23. Bxb7 Qxb7 24. Rac1 Rd5 25. Na3 Rad8 26. Nb1 Ne4 27. Rc4 Rg5 28. f3 Nc5 29. Qc2 Qb6 30. Rd1 Rgd5 31. Rcd4 Nb7 32. Rxd5 Qxe3+ 33. Kf1 exd5 34. Re1 Qb6 35. Qf5 g6 36. Qe5 Nc5 37. Qe7 Nxb3 38. h4 h5 39. g4 hxg4 40. h5 gxh5 41. Qg5+ Kf8 42. Qxh5 Qg6 43. Qh8+ Qg8 44. Qh6+ Qg7 45. Qh4 Re8 46. Rxe8+ Kxe8 47. Qe1+ Kf8 48. Qd1 Nd4 49. Qd3 Qf6 50. Kg2 gxf3+ 51. Qxf3 Qxf3+ 52. Kh2 Qd1 53. Nd2 Qxd2+ 54. Kh3 b3 55. Kg3 Nc2 56. Kg4 Qb4+ 57. Kf5 b2 58. Kf6 Qxa4 59. Ke5 Qb4 60. Kf6 d4 61. Ke5 d3 62. Kd5 d2 63. Ke5 d1=Q 64. Kf6 Qf3+ 65. Kg5 Qbg4+ 66. Kh6 Qfh3# 0-1


[Site "https://www.chess.com"]

[Event "Titled Tuesday Blitz May 30 Early 2023"]
[White "Fier, Alexandr"]
[Black "Souleidis, Georgios"]
[WhiteFideId "2107139"]
[BlackFideId "4206827"]
[WhiteElo "2610"]
[BlackElo "2401"]
[Result "1/2-1/2"]
[Round "05"]
[TimeControl "180+2"]
[Date "2023.05.30"]
[WhiteClock "0:00:27"]
[BlackClock "0:00:06"]

1. d4 Nf6 2. Bg5 d5 3. Bxf6 gxf6 4. c4 e5 5. cxd5 Qxd5 6. e3 Nc6 7. Nc3 Bb4 8. Nf3 Bg4 9. Be2 exd4 10. O-O Bxc3 11. bxc3 d3 12. Bxd3 O-O-O 13. Be2 Qh5 14. Qa4 Rhg8 15. Kh1 Ne5 16. Qf4 Bxf3 17. Bxf3 Nxf3 18. gxf3 Rd6 19. Rg1 Rg6 20. c4 Qe5 21. Qh4 Qf5 22. Rg3 h5 23. Rag1 b6 24. e4 Qe5 25. Rxg6 fxg6 26. Rxg6 Qa1+ 27. Kg2 Qxa2 28. Qxh5 Qxc4 29. Qh8+ Kb7 30. Rg8 Rd1 31. Rb8+ Ka6 32. Qc8+ Ka5 33. Qf5+ c5 34. Qxf6 Qf1+ 35. Kg3 Qg1+ 36. Kh3 Qf1+ 37. Kg4 Qg2+ 38. Kf5 Qxf3+ 39. Ke5 Qc3+ 40. Kf5 Qf3+ 41. Ke5 Qc3+ 42. Kf5 Qf3+ 1/2-1/2


[Site "https://www.chess.com"]

[Event "Titled Tuesday Blitz May 30 Early 2023"]
[White "Mendonca, Leon Luke"]
[Black "Arabidze, Meri"]
[WhiteFideId "35028561"]
[BlackFideId "13604040"]
[WhiteElo "2464"]
[BlackElo "2405"]
[Result "1-0"]
[Round "05"]
[TimeControl "180+2"]
[Date "2023.05.30"]
[WhiteClock "0:00:05"]
[BlackClock "0:00:00"]

1. e4 c5 2. Nf3 e6 3. g3 Nc6 4. Bg2 Nf6 5. Qe2 d6 6. O-O Be7 7. c3 O-O 8. d4 cxd4 9. cxd4 d5 10. e5 Ne4 11. Nbd2 Nxd2 12. Bxd2 Bd7 13. h4 Qb6 14. Bc3 Bb4 15. Rfc1 Rfc8 16. Bf1 Bxc3 17. bxc3 Na5 18. Nh2 a6 19. Ng4 Bb5 20. Qe3 Bxf1 21. Kxf1 Qd8 22. Kg2 Rc7 23. h5 h6 24. Rc2 Rac8 25. f4 b5 26. a3 Nc4 27. Qd3 Nb6 28. Ne3 Na4 29. Rac1 Rc6 30. Nd1 Qe7 31. Ra1 Rc4 32. Kh3 R4c6 33. Raa2 Rc4 34. Kh2 f5 35. exf6 Qxf6 36. Kg2 Qf7 37. Qf3 R4c7 38. Rc1 Rc4 39. Re2 Rxd4 40. cxd4 Rxc1 41. Nf2 Rc3 42. Qg4 Qf5 43. Qg6 Qxg6 44. hxg6 Rc6 45. Nd3 Kf8 46. Nb4 Rd6 47. Rc2 Ke7 48. Nd3 Kf6 49. Ne5 h5 50. Rc7 Kf5 51. Kf3 1-0


[Site "https://www.chess.com"]

[Event "Titled Tuesday Blitz May 30 Early 2023"]
[White "NikaVolkov"]
[Black "Hambleton, Aman"]
[BlackFideId "2606577"]
[WhiteElo "2631"]
[BlackElo "2511"]
[Result "1-0"]
[Round "05"]
[TimeControl "180+2"]
[Date "2023.05.30"]
[WhiteClock "0:02:07"]
[BlackClock "0:00:00"]

1. d4 Nf6 2. Nf3 e6 3. e3 b6 4. c4 Bb7 5. Bd3 c5 6. O-O d6 7. Nc3 a6 8. b3 Be7 9. Bb2 O-O 10. Qe2 Nbd7 11. Rfd1 Re8 12. h3 Qc7 13. a3 Rac8 14. b4 cxd4 15. exd4 Bf8 16. Rac1 Qb8 17. Nd2 Qa8 18. Nce4 Nxe4 19. Bxe4 Bxe4 20. Nxe4 d5 21. Ng5 h6 22. Nf3 dxc4 23. Rxc4 Rxc4 24. Qxc4 Rc8 25. Qd3 Nf6 26. Ne5 Nd5 27. Rc1 Rxc1+ 28. Bxc1 Qc8 29. Bd2 b5 30. Qg3 f6 31. Nd3 Kf7 32. Nc5 Qc6 33. h4 Bd6 34. Qg4 Qe8 35. h5 Bxc5 36. dxc5 Qc6 37. Qg6+ Kf8 38. Bxh6 gxh6 39. Qxh6+ Ke8 40. Qg6+ Kd7 41. h6 Ne7 42. Qg7 Qe4 43. h7 Qb1+ 44. Kh2 Qb2 45. h8=Q Qe5+ 46. g3 Qd4 47. Qxf6 1-0


[Site "https://www.chess.com"]

[Event "Titled Tuesday Blitz May 30 Early 2023"]
[White "Jakubowski, Krzysztof"]
[Black "Kukhmazov, Arsen"]
[WhiteFideId "1112848"]
[BlackFideId "24108260"]
[WhiteElo "2359"]
[BlackElo "2396"]
[Result "1/2-1/2"]
[Round "05"]
[TimeControl "180+2"]
[Date "2023.05.30"]
[WhiteClock "0:00:34"]
[BlackClock "0:00:04"]

1. c4 c6 2. Nf3 d5 3. e3 Nf6 4. Nc3 e6 5. b3 Bd6 6. Bb2 O-O 7. d4 Nbd7 8. Be2 b6 9. O-O Bb7 10. Rc1 Qe7 11. Qc2 dxc4 12. bxc4 c5 13. Rfd1 cxd4 14. exd4 Rac8 15. Qb3 Bc6 16. a4 Rfd8 17. Nb5 Bb8 18. Ba3 Qe8 19. Nd6 Bxd6 20. Bxd6 Nf8 21. Be5 Bxa4 22. Qb2 Bxd1 23. Rxd1 Ng6 24. Ra1 Qe7 25. Bxf6 gxf6 26. Bf1 Rc7 27. Qd2 Kg7 28. Qe3 Qd6 29. g3 a5 30. h4 h5 31. Rb1 a4 32. Rb5 Rh8 33. d5 Rc5 34. Rb1 e5 35. Nd2 f5 36. Bh3 Qf6 37. Qa3 Ra8 38. Rb4 e4 39. Rxa4 Rxa4 40. Qxa4 Qc3 41. Nf1 Qxc4 42. Qe8 Qxd5 43. Ne3 Qe6 44. Qd8 Ne7 45. Qd1 b5 46. Qd4+ Qe5 47. Qd2 Qc3 48. Qd6 Qe5 49. Qd2 Qf6 50. Ng2 Qc3 51. Qg5+ Ng6 52. Nf4 Qe1+ 53. Bf1 Rc1 54. Nxh5+ Kh7 55. Nf6+ Kg7 56. Nh5+ Kh7 57. Nf6+ Kg7 58. Nh5+ 1/2-1/2


[Site "https://www.chess.com"]

[Event "Titled Tuesday Blitz May 30 Early 2023"]
[White "Fernandez Guillen, Ernesto J."]
[Black "RobertDowneyJr0111"]
[WhiteFideId "3512428"]
[WhiteElo "2429"]
[BlackElo "2627"]
[Result "0-1"]
[Round "05"]
[TimeControl "180+2"]
[Date "2023.05.30"]
[WhiteClock "0:00:04"]
[BlackClock "0:00:12"]

1. e4 e5 2. Nf3 Nc6 3. d4 exd4 4. Bc4 Nf6 5. O-O d6 6. Nxd4 Be7 7. Nxc6 bxc6 8. Nc3 O-O 9. Bd3 Rb8 10. f4 Nd7 11. Rb1 Bf6 12. Bd2 Nc5 13. Qf3 g6 14. b3 Ba6 15. Rbc1 Re8 16. h3 Qc8 17. Rfd1 Ne6 18. Ne2 Bb7 19. Rf1 c5 20. Kh2 Nd4 21. Nxd4 Bxd4 22. Rce1 f5 23. Qg3 Bxe4 24. Bxe4 fxe4 25. f5 Be5 26. Bf4 Qxf5 27. Bxe5 Qxe5 28. Rf4 d5 29. Ref1 Qd6 30. Kh1 Rf8 31. Rxf8+ Rxf8 32. Rxf8+ Kxf8 33. Qe3 Ke7 34. Qg5+ Kd7 35. Qe3 Kc6 36. b4 cxb4 37. Qxa7 Qc5 38. Qa6+ Kd7 39. Qf1 e3 40. Qf7+ Kc6 41. Qe8+ Kb6 42. Qe6+ Kb5 43. Qe8+ Kc4 44. Qa4 Kc3 45. Qb3+ Kd2 46. Qd3+ Ke1 47. Kg1 e2+ 48. Kh2 Qc4 49. Qe3 Kd1 50. Qf3 Qe4 51. Qb3 e1=Q 52. c4+ Qc2 53. Qf3+ Qee2 54. Qxd5+ Qcd2 55. Qb7 Qe5+ 0-1


[Site "https://www.chess.com"]

[Event "Titled Tuesday Blitz May 30 Early 2023"]
[White "Kilic, Eray"]
[Black "SashaKuzhilniy"]
[WhiteFideId "44517173"]
[WhiteElo "2328"]
[BlackElo "2627"]
[Result "1/2-1/2"]
[Round "05"]
[TimeControl "180+2"]
[Date "2023.05.30"]
[WhiteClock "0:00:16"]
[BlackClock "0:00:18"]

1. d4 Nf6 2. Nc3 d5 3. Bf4 e6 4. Nb5 Na6 5. e3 Be7 6. Nc3 O-O 7. Nf3 c5 8. Be2 Nb4 9. a3 Nc6 10. Ne5 Nxe5 11. Bxe5 b6 12. h4 Bb7 13. h5 Nd7 14. Bg3 h6 15. Bd3 Bf6 16. Nb5 a6 17. Nd6 Bc6 18. c3 Be7 19. Qg4 Nf6 20. Qf4 Ra7 21. e4 dxe4 22. Nxe4 Nxe4 23. Bxe4 Bxe4 24. Qxe4 cxd4 25. cxd4 Rd7 26. Rd1 Bf6 27. O-O Rxd4 28. Qf3 Qd7 29. Rxd4 Bxd4 30. Rd1 Rd8 31. Rd2 Qd5 32. Qg4 b5 33. Kh2 e5 34. Qf5 Qd7 35. Qe4 f5 36. Qf3 Qf7 37. Kh1 f4 38. Bh4 Rd7 39. Rc2 Rc7 40. Qa8+ Kh7 41. Qe4+ Kg8 42. Qa8+ Kh7 43. Rxc7 Qxc7 44. Qxa6 Qf7 45. Qxb5 Qxh5 46. Qd3+ Kh8 47. Qh3 Bxb2 48. g3 Bd4 49. Qc8+ Kh7 50. Kg2 f3+ 51. Kg1 Qg6 52. Qc1 Qe4 53. Bd8 g5 54. Ba5 Qe2 55. Be1 Kg6 56. Qb1+ Kh5 57. a4 Qc4 58. Qf5 Qxa4 59. Qxf3+ Kg6 60. Qe4+ Kg7 61. Qf3 Qd7 62. Bd2 Qf7 63. Qe2 Qf5 64. Kf1 Kg6 65. Kg2 g4 66. Qa6+ Qf6 67. Qxf6+ Kxf6 68. Bxh6 e4 69. Kf1 Ke5 70. Ke2 Kd5 71. Bd2 Ke5 72. Be3 Bc3 73. Kd1 Kf5 74. Kc2 Be1 75. Kb3 Ba5 76. Kc4 Bc7 77. Kd5 Bb8 78. Kc6 Be5 79. Kc5 Bb8 80. Kd5 Be5 81. Bd4 Bc7 82. Kc6 Bb8 83. Kb7 Bd6 84. Kc6 Bf8 85. Kd5 Ba3 86. Be3 Bf8 87. Kc4 Bd6 88. Kc3 Be7 89. Kc2 Ke6 90. Kd2 Kf5 91. Ba7 Bg5+ 92. Ke2 Bf6 93. Be3 Be5 94. Bd2 Bd4 95. Be3 Be5 96. Kd2 Bd6 97. Kc2 Bc7 98. Kb3 Bd6 99. Kc4 Be5 100. Kd5 Bc7 101. Kc6 Be5 102. Kd7 Bf6 103. Ke8 Be5 104. Kf7 Bc3 105. Kg8 Be5 106. Kh7 Bc3 107. Kh6 Be5 108. Kh5 Bf6 109. Kh6 Be5 110. Kh7 Bf6 111. Kg8 Be5 112. Kf7 Bd6 113. Bd4 Bb4 114. Ke8 Bd2 115. Kd7 Bg5 116. Kc6 Bh6 117. Kd5 Bg5 118. Be3 Bf6 1/2-1/2


[Site "https://www.chess.com"]

[Event "Titled Tuesday Blitz May 30 Early 2023"]
[White "splendidkid"]
[Black "Lenaerts, Lennert"]
[BlackFideId "211435"]
[WhiteElo "2764"]
[BlackElo "2334"]
[Result "1-0"]
[Round "05"]
[TimeControl "180+2"]
[Date "2023.05.30"]
[WhiteClock "0:00:36"]
[BlackClock "0:01:49"]

1. d4 d5 2. Nf3 Nf6 3. c4 c6 4. Nbd2 Bf5 5. Nh4 Be4 6. Qb3 Qc7 7. cxd5 cxd5 8. f3 Bg6 9. e4 dxe4 10. Nxg6 hxg6 11. fxe4 e6 12. e5 Nd5 13. Bc4 Nc6 14. Bxd5 exd5 15. Nf3 Bb4+ 16. Kf2 O-O 17. Be3 Rad8 18. Rac1 Ba5 19. h4 Bb6 20. h5 gxh5 21. Rxh5 Rde8 22. Rch1 f6 23. Qxd5+ Qf7 24. Rh8# 1-0


[Site "https://www.chess.com"]

[Event "Titled Tuesday Blitz May 30 Early 2023"]
[White "Ibadov, Dashgyn"]
[Black "Quintiliano Pinto, Renato R."]
[WhiteFideId "24107514"]
[BlackFideId "2117568"]
[WhiteElo "2208"]
[BlackElo "2459"]
[Result "0-1"]
[Round "05"]
[TimeControl "180+2"]
[Date "2023.05.30"]
[WhiteClock "0:00:02"]
[BlackClock "0:01:00"]

1. e4 e6 2. d4 d5 3. Nc3 Nf6 4. e5 Nfd7 5. Nce2 c5 6. c3 Nc6 7. Nf3 Qa5 8. a3 cxd4 9. b4 Qc7 10. cxd4 b5 11. Nf4 Rb8 12. Bd3 a5 13. O-O axb4 14. axb4 Nxb4 15. Bb1 g6 16. Ng5 Nb6 17. Qf3 Nc6 18. Be3 Bg7 19. h4 O-O 20. h5 h6 21. Ngh3 g5 22. Ne2 f6 23. exf6 Rxf6 24. Qg4 e5 25. Qg3 Nc4 26. dxe5 Qxe5 27. Qxe5 N4xe5 28. Nd4 Nc4 29. Nxc6 Rxc6 30. Rc1 Bxa1 31. Bg6 Bf6 32. Rd1 Nxe3 33. fxe3 Bxh3 34. gxh3 Rd6 0-1


[Site "https://www.chess.com"]

[Event "Titled Tuesday Blitz May 30 Early 2023"]
[White "Al-Tarboush, Ward"]
[Black "Karthik Rajaa"]
[WhiteFideId "7601450"]
[BlackFideId "25035215"]
[WhiteElo "2265"]
[BlackElo "2215"]
[Result "1-0"]
[Round "05"]
[TimeControl "180+2"]
[Date "2023.05.30"]
[WhiteClock "0:01:06"]
[BlackClock "0:00:15"]

1. d4 Nf6 2. Nc3 d5 3. Bg5 c6 4. Nf3 h6 5. Bxf6 exf6 6. e4 dxe4 7. Nxe4 f5 8. Nc3 Bd6 9. Bc4 O-O 10. O-O Nd7 11. Re1 Nb6 12. Bb3 Qf6 13. Qd3 Rd8 14. Rad1 Bc7 15. Qe2 Bd7 16. Qe7 Qxe7 17. Rxe7 Rf8 18. Ne5 Bxe5 19. dxe5 Rae8 20. Rdxd7 Nxd7 21. Bxf7+ Rxf7 22. Rxe8+ Rf8 23. Re7 Rf7 24. Re8+ Rf8 25. Rxf8+ Nxf8 26. f4 Ne6 27. g3 g5 28. Ne2 Kf7 29. Kf2 Kg6 30. Ke3 c5 31. a3 b5 32. c3 Kh5 33. b4 cxb4 34. cxb4 Kg4 35. fxg5 hxg5 36. Nd4 f4+ 37. Ke4 f3 38. Nxf3 Kh3 39. Nd4 Ng7 40. e6 Kxh2 41. e7 Kxg3 42. Nf5+ Nxf5 43. Kxf5 1-0


[Site "https://www.chess.com"]

[Event "Titled Tuesday Blitz May 30 Early 2023"]
[White "Degenbaev, Aziz"]
[Black "Hasangatin, Ramil"]
[WhiteFideId "13802640"]
[BlackFideId "4122160"]
[WhiteElo "2152"]
[BlackElo "2279"]
[Result "0-1"]
[Round "05"]
[TimeControl "180+2"]
[Date "2023.05.30"]
[WhiteClock "0:00:06"]
[BlackClock "0:01:09"]

1. e4 d6 2. d4 Nf6 3. Nc3 e5 4. Nf3 Nbd7 5. Bc4 Be7 6. O-O O-O 7. a4 c6 8. Re1 exd4 9. Nxd4 Ne5 10. Be2 Re8 11. h3 Bf8 12. Bg5 h6 13. Bh4 Ng6 14. Bxf6 Qxf6 15. a5 Bd7 16. Bc4 b5 17. axb6 axb6 18. Qf3 Qxf3 19. Nxf3 b5 20. Rxa8 Rxa8 21. Bb3 Ne5 22. Nd2 Be7 23. f4 Ng6 24. Rf1 Bf6 25. e5 Be7 26. Nde4 d5 27. Nd2 Bc5+ 28. Kh2 Be3 29. f5 Nxe5 30. Nf3 Nxf3+ 31. Rxf3 Bd4 32. Rd3 Be5+ 33. g3 Kf8 34. Rf3 f6 35. Kg2 Ke7 36. g4 Kd6 37. Rd3 Ra1 38. Ne4+ Kc7 39. Nc5 Bxb2 40. c4 bxc4 41. Bxc4 Be5 42. Rb3 Bc8 43. Bd3 Kd6 44. Nb7+ Bxb7 45. Rxb7 Ra2+ 46. Kf3 c5 47. Rxg7 c4 48. Be2 Ra3+ 49. Kf2 Rxh3 50. Rg6 Kc5 51. Bd1 d4 52. Rg8 d3 53. Rc8+ Kd4 54. Bf3 Rh2+ 55. Kg1 Rc2 56. g5 hxg5 57. Rd8+ Ke3 58. Bd5 c3 59. Bc4 Rd2 60. Bb3 c2 61. Bxc2 dxc2 62. Rc8 Rd1+ 63. Kg2 c1=Q 64. Rxc1 Rxc1 65. Kh3 Ke4 66. Kg4 Rg1+ 67. Kh3 Rg3+ 68. Kh2 Kf3 69. Kh1 Kf2 70. Kh2 Rf3+ 71. Kh1 Rh3# 0-1


[Site "https://www.chess.com"]